 Dungeon Crawl Stone Soup version 0.32-a0-876-gcfddb08e57 (webtiles) character file.

Game seed: 7091477823123047492

84 jestert79 the Poker (level 4, -7/33 HPs)
             Began as a Coglin Gladiator on Apr 1, 2024.
             Killed from afar by Ijyb (8 damage)
             ... with a puff of flame
             ... on level 3 of the Dungeon.
             The game lasted 00:02:15 (1205 turns).

jestert79 the Poker (Coglin Gladiator)              Turns: 1205, Time: 00:02:16

Health: -7/33      AC:  4    Str: 17    XL:     4   Next: 45%
Magic:  4/4        EV: 11    Int:  7    God:
Gold:   93         SH:  0    Dex: 15    Spells: 3/3 levels left

rFire   . . .        a - +0 trident {Arun}
rCold   + . .        r - staff of cold {Kamaljyot}
rNeg    . . .        b - +0 leather armour
rPois   .            c - +0 helmet
rElec   .            (no cloak)
rCorr   .            (no gloves)
SInv    .            (no boots)
Will    .....        (amulet unavailable)
Stlth   +            (ring unavailable)
HPRegen 0.25/turn    (ring unavailable)
MPRegen 0.09/turn    (no gizmo)

%: no passive effects
@: revved
A: off-hand wielding, slow wielding, warmup strikes, no jewellery
a: Invent Gizmo


You were on level 3 of the Dungeon.
You visited 1 branch of the dungeon, and saw 3 of its levels.

You collected 93 gold pieces.

Inventory:

Hand Weapons
 a - a +0 trident (weapon) {Arun}
 f - a +0 dagger {Kasem}
Missiles
 d - 3 throwing nets (quivered)
 e - a javelin
Armour
 b - a +0 leather armour (worn)
 c - a +0 helmet (worn)
Magical Staves
 r - a staff of cold (offhand) {Kamaljyot}
Wands
 q - a wand of flame (17)
Scrolls
 g - a scroll of enchant weapon {unknown}
 h - 2 scrolls of teleportation {unknown}
 i - 2 scrolls of identify {unknown}
 k - a scroll of vulnerability {unknown}
 l - 2 scrolls of fear {unknown}
 m - 3 scrolls of blinking {unknown}
 n - a scroll of revelation {unknown}
 o - a scroll of noise {unknown}
 p - a scroll of poison {unknown}
 u - a scroll of torment {unknown}
Potions
 j - a potion of ambrosia {unknown}
 s - a potion of curing {unknown}
 t - a potion of mutation {unknown}


   Skills:
 - Level 2.0 Fighting
 - Level 4.5 Polearms
 * Level 0.2(2.7) Staves
 - Level 1.7 Throwing
 - Level 2.6 Dodging
 + Level 0.1 Ice Magic
 + Level 0.2 Evocations


You had 3 spell levels left.
You didn't know any spells.
Your spell library contained the following spells:

 Spells                   Type           Power      Damage    Failure   Level
 Foxfire                  Conj/Fire      0%         2x1d4     50%         1
 Shock                    Conj/Air       0%         1d3       50%         1
 Swiftness                Air            0%         N/A       86%         3
 Airstrike                Air            0%         2d(0-16)  99%         4
 Plasma Beam              Fire/Air       0%         2x1d10    100%        6
 Starburst                Conj/Fire      0%         6d3       100%        6


Dungeon Overview and Level Annotations

Branches:
Dungeon (3/15)

Altars:
The Shining One

Annotations:
D:3 Ijyb


Innate Abilities, Weirdness & Mutations

You can wield a second weapon in your off-hand.
It takes a long time for you to wield or remove held weapons.
Your first few attacks do less damage.
You cannot equip rings or amulets.


Message History

You hit Ijyb but do no damage.
Ijyb is lightly wounded.
You closely miss Ijyb with your staff of cold.
Ijyb hits you with a +0 vampiric dagger.
Ijyb draws strength from your wounds!
You hit Ijyb with your +0 trident.
Ijyb is lightly wounded.
You closely miss Ijyb with your staff of cold.
Ijyb hits you with a +0 vampiric dagger.
Ijyb draws strength from your wounds!
You hit Ijyb with your staff of cold.
Ijyb is moderately wounded.
You barely miss Ijyb with your +0 trident.
Ijyb closely misses you.
You hit Ijyb but do no damage.
Ijyb is moderately wounded.
You hit Ijyb but do no damage. Ijyb closely misses you.
You hit Ijyb with your +0 trident.
Ijyb is moderately wounded.
You hit Ijyb with your staff of cold.
Ijyb hits you with a +0 vampiric dagger.
Ijyb draws strength from your wounds!
You hit Ijyb with your +0 trident.
Ijyb is heavily wounded.
You hit Ijyb but do no damage.
Ijyb hits you with a +0 vampiric dagger.
* * * LOW HITPOINT WARNING * * *
You barely miss Ijyb with your staff of cold.
Ijyb is heavily wounded.
You hit Ijyb but do no damage. Ijyb screams, "I no like you!"
Ijyb hits you with a +0 vampiric dagger.
* * * LOW HITPOINT WARNING * * *
You hit Ijyb with your +0 trident.
Ijyb is severely wounded.
You hit Ijyb but do no damage. Ijyb screams, "I no like you!"
Ijyb zaps a wand.
The puff of flame hits you!
You die...
Ijyb screams, "Time for next experiment!"

#.........#.##..
#####.#.........
#.....#.###. #..#.##.#
## ### #..#.# .# # #..
..##.# #.# ##.....
#g#####.....######
#@##.[....#.##....
#..............###
####..............
#..............
#..............
######..............
##...................
##....................
#.........#...<.......


You could see Ijyb.

Vanquished Creatures
  5 adders
  A ribbon worm (D:3)
  3 ball pythons
  4 bats
  2 endoplasms
  2 giant cockroaches (D:3)
  3 goblins
  5 hobgoblins
  A quokka (D:2)
  2 frilled lizards (D:1)
  5 kobolds
  3 rats
36 creatures vanquished.

Notes
Turn   | Place    | Note
-------+----------+-------------------------------------------
     0 | D:1      | jestert79 the Coglin Gladiator began the quest for the Orb.
     0 | D:1      | Reached XP level 1. HP: 16/16 MP: 1/1
    67 | D:1      | You fall into a shaft and drop 1 floor!
   153 | D:2      | Reached skill level 3 in Polearms
   238 | D:2      | Reached XP level 2. HP: 18/22 MP: 2/2
   470 | D:2      | Reached XP level 3. HP: 27/27 MP: 3/3
   537 | D:2      | Reached skill level 4 in Polearms
   763 | D:3      | Reached XP level 4. HP: 33/33 MP: 4/4
  1075 | D:3      | Found a glowing golden altar of the Shining One.
  1183 | D:3      | Noticed Ijyb
  1204 | D:3      | HP: 1/33 [Ijyb/+0 vampiric dagger (5)]
  1205 | D:3      | Killed from afar by Ijyb

Illustrated notes

Levels and vault maps discovered:
D:1:      tarquinn_simple_flora_water_f, layout_basic,
          shapermc_ecumenical_altar_mp_vishouse, kennysheep_minor_cross
D:2:      layout_loops_ring
D:3:      layout_rooms, tso_oasis_becter, uniq_ijyb

Skill      XL: |  1  2  3 |
---------------+----------+-----
Polearms       | 3 4 |  4.5
Fighting       | |  2.0
Staves         | |  0.2
Throwing       | |  1.7
Dodging        | |  2.6
Ice Magic      | |  0.1
Evocations     | |  0.2

Action                     |  1- 3 |  4- 6 || total
---------------------------+-------+-------++-------
  Melee: Trident           |    64 |    50 ||   114
         Dagger            |    45 |    17 ||    62
         Staff             |       |    25 ||    25
   Stab: Sleeping          |     1 |       ||     1
 Armour: Leather armour    |    23 |    18 ||    41
  Dodge: Dodged            |    36 |    26 ||    62

Table legend: (Time is in decaauts)
 A = Elapsed time spent in this place.
 B = Non-inter-level travel time spent in this place.
 C = Inter-level travel time spent in this place.
 D = Time resting spent in this place.
 E = Time spent auto-exploring this place.
 F = Levels seen in this place.
 G = Mean time per level.
                   A        B        C        D        E       F      G
               +--------+--------+--------+--------+--------+-----+--------+
         Total |   1212 |   1163 |     49 |      0 |    863 |   3 |  404.0 |
       Dungeon |   1212 |   1163 |     49 |      0 |    863 |   3 |  404.0 |
               +--------+--------+--------+--------+--------+-----+--------+

Top non-repeatable levels by time:
     D:2: 629 daAuts
     D:3: 516 daAuts
     D:1: 67 daAuts
